 Dungeon Crawl Stone Soup version 0.23.2-40-g277498a001 (webtiles) character file.

Game seed: 11350445349500725388

160 Kikorro the Covered (level 5, -3/47 HPs)
             Began as a Minotaur Fighter on Sept 5, 2019.
             Slain by a wight
             ... wielding a cursed +3 long sword
              (4 damage)
             ... on level 3 of the Dungeon.
             The game lasted 00:08:21 (2264 turns).

Kikorro the Covered (Minotaur Fighter)              Turns: 2264, Time: 00:08:22

Health: -3/47      AC:  7    Str: 21    XL:     5   Next: 17%
Magic:  4/4        EV:  7    Int:  5    God:
Gold:   90         SH:  9    Dex: 10    Spells: 4/4 levels left

rFire    . . .     SeeInvis .   a - +0 war axe
rCold    . . .     Gourm    .   c - +0 shield
rNeg     . . .     Faith    .   b - +0 scale mail
rPois    .         Spirit   .   (helmet restricted)
rElec    .         Reflect  .   (no cloak)
rCorr    .         Harm     .   (no gloves)
MR       .....                  (no boots)
Stlth    ..........             (no amulet)
HPRegen  0.15/turn              (no ring)
MPRegen  0.09/turn              (no ring)

@: drained
A: retaliatory headbutt, horns 2
a: no special abilities


You were on level 3 of the Dungeon.
You were hungry.

You visited 1 branch of the dungeon, and saw 3 of its levels.

You collected 90 gold pieces.

Inventory:

Hand Weapons
 a - a +0 war axe (weapon)
 g - a +0 hand crossbow
Missiles
 q - 8 bolts
Armour
 b - a +0 scale mail (worn)
 c - a +0 shield (worn)
 i - a +0 chain mail
Scrolls
 e - a scroll of amnesia
 k - a scroll of fog
 l - 2 scrolls of remove curse
 p - 2 scrolls of teleportation {unknown}
Potions
 d - a potion of might
 h - 2 potions of flight
 j - a potion of heal wounds {unknown}
 m - 2 potions of curing
 n - a potion of resistance {unknown}
 o - a potion of invisibility {unknown}
 r - a potion of brilliance {unknown}
Comestibles
 f - 5 rations


   Skills:
 + Level 4.7(3.8) Fighting
 + Level 3.6(2.7) Axes
 + Level 5.0(4.0) Armour
 + Level 0.6(0.0) Dodging
 + Level 4.4(3.4) Shields


You had 4 spell levels left.
You didn't know any spells.
Your spell library was empty.

Dungeon Overview and Level Annotations

Branches:
Dungeon (3/15)

Altars:
Sif Muna
Zin

Annotations:
D:3 1 runed translucent door


Innate Abilities, Weirdness & Mutations

You reflexively headbutt those who attack you in melee.
You have a pair of horns on your head.


Message History

You are too injured to fight recklessly!
You are too injured to fight recklessly!
Your shield and scale mail prevent you from hitting the wight.
You headbutt the wight.
The wight is heavily damaged.
The wight hits you but does no damage.
You hit the wight. You headbutt the wight.
The wight is almost destroyed.
You block the wight's attack.
You barely miss the wight.
The wight is almost destroyed.
The wight hits you with a cursed +3 long sword!
* * * LOW HITPOINT WARNING * * *
A wight comes into view. It is wielding a +4 spear.
You hit the wight.
The wight is almost destroyed.
The wight hits you with a cursed +3 long sword!
* * * LOW HITPOINT WARNING * * *
You feel drained.
You die...

#.....#.# ###..###..##
#.. #....# #.).#.# #..
#.#..###...#.# #.#
#.#........#.# #.# #
##.#.......###.#
#.###.......#.##
#.##.......>#z.#
#...........#@)##
#.#####..........).#
#..............#........
#########...#####...z...
##### #######


You could see 2 wights.

Vanquished Creatures
  Natasha (thrice) (D:3)
  An adder (D:3)
  A shadow imp (D:2)
  A worm (D:3)
  3 dart slugs (D:1)
  An orc (D:2)
  10 bats
  2 giant cockroaches
  3 goblins
  7 hobgoblins
  8 jackals
  7 kobolds
  A quokka (D:3)
  5 frilled lizards
  5 rats
58 creatures vanquished.

Notes
Turn   | Place    | Note
-------+----------+-------------------------------------------
     0 | D:1      | Kikorro the Minotaur Fighter began the quest for the Orb.
     0 | D:1      | Reached XP level 1. HP: 19/19 MP: 0/0
     8 | D:1      | Reached skill level 4 in Armour
   128 | D:1      | Reached XP level 2. HP: 27/27 MP: 1/1
   516 | D:1      | Reached XP level 3. HP: 33/33 MP: 2/2
  1261 | D:2      | Found a deep blue altar of Sif Muna.
  1537 | D:3      | Noticed Natasha
  1545 | D:3      | Killed Natasha
  1545 | D:3      | Reached XP level 4. HP: 26/40 MP: 3/3
  1733 | D:3      | Noticed Natasha
  1742 | D:3      | Killed Natasha
  1840 | D:3      | Noticed Natasha
  1864 | D:3      | Killed Natasha
  1864 | D:3      | Reached skill level 5 in Armour
  1864 | D:3      | Reached XP level 5. HP: 17/47 MP: 4/4
  2178 | D:3      | Found a glowing silver altar of Zin.
  2179 | D:3      | Found a runed translucent door.
  2179 | D:3      | Noticed an angel
  2264 | D:3      | HP: 1/47 [wight/cursed +3 long sword (10)]
  2264 | D:3      | Slain by a wight

Skill      XL: |  1  2  3  4 |
---------------+-------------+-----
Armour         | 4 5 |  5.0
Fighting       | 4 |  4.7
Shields        | 4 |  4.4
Axes           | 3 |  3.6
Dodging        | |  0.6

Action                   |  1- 3 |  4- 6 || total
-------------------------+-------+-------++-------
Melee: War axe           |    87 |    66 ||   153
       Headbutt          |    13 |    11 ||    24
  Use: Scroll            |     5 |       ||     5
  Eat: Chunk             |     2 |     2 ||     4
Armor: Scale mail        |    62 |    28 ||    90
Dodge: Dodged            |    27 |    20 ||    47
Block: Shield            |    57 |    32 ||    89
